TOP OF THE 1ST |
Thunder Bay Northern Lions BC batting - Pitching for Detroit Renaissance : RHP Cris Mendoza
|
Pitching: RHP Cris Mendoza
|
|
Batting: LHB Chris Gregory
|
0-0: Called Strike 0-1: Fly out, F7 (Line Drive, 7M)
|
Batting: LHB Michael Greene
|
0-0: Called Strike 0-1: Swinging Strike 0-2: Ball 1-2: Strikes out swinging
|
Batting: RHB Ed Whitaker
|
0-0: Ball 1-0: Called Strike 1-1: Ball 2-1: Ball 3-1: Foul Ball, location: 2F 3-2: Ground out 6-3 (Groundball, 6M)
|
Top of the 1st over - 0 run(s), 0 hit(s), 0 error(s), 0 left on base; Thunder Bay 0 - Detroit 0 |
BOTTOM OF THE 1ST |
Detroit Renaissance batting - Pitching for Thunder Bay Northern Lions BC : RHP Rafael Cardona
|
Pitching: RHP Rafael Cardona
|
|
Batting: RHB Kyle Bywaters
|
0-0: Fly out, F9 (Flyball, 9LM)
|
Batting: RHB Bernardo Herrera
|
0-0: Called Strike 0-1: Ball 1-1: Ground out 6-3 (Groundball, 6)
|
Batting: LHB Mike Silver
|
0-0: Ground out 4-3 (Groundball, 4M)
|
Bottom of the 1st over - 0 run(s), 0 hit(s), 0 error(s), 0 left on base; Thunder Bay 0 - Detroit 0 |
TOP OF THE 2ND |
Thunder Bay Northern Lions BC batting - Pitching for Detroit Renaissance : RHP Cris Mendoza
|
Batting: LHB David Smith
|
0-0: Ball 1-0: Ball 2-0: Ground out U3 (Groundball, 3S)
|
Batting: SHB Carlos Rodríguez
|
0-0: Ball 1-0: Ball 2-0: Foul Ball, location: 2F 2-1: Swinging Strike 2-2: Foul Ball, location: 2F 2-2: Foul Ball, location: 2F 2-2: Foul Ball, location: 2F 2-2: Ball 3-2: Base on Balls
|
Batting: LHB John Brewer
|
0-0: Ball 1-0: Ball 2-0: Ball 3-0: Base on Balls Carlos Rodríguez to second
|
Batting: RHB Keith Fish
|
0-0: Ball 1-0: Called Strike 1-1: TRIPLE (Groundball, 5L) Carlos Rodríguez scores John Brewer scores
|
Batting: SHB Arnold Griffith
|
0-0: Ball 1-0: Called Strike 1-1: Fly out, F7 (Flyball, 7LM) Runner from 3rd tags up, SCORES, no throw
|
Batting: RHB Carlos Padilla
|
0-0: Ball 1-0: Called Strike 1-1: Ball 2-1: TRIPLE (Line Drive, 9LS)
|
Batting: LHB Chris Gregory
|
0-0: Ball 1-0: Swinging Strike 1-1: DOUBLE (Flyball, 78D) Carlos Padilla scores
|
Batting: LHB Michael Greene
|
0-0: Foul Ball, location: 2F 0-1: Ball 1-1: Ball 2-1: Ball 3-1: DOUBLE (Groundball, 3D) Chris Gregory scores
|
Batting: RHB Ed Whitaker
|
0-0: Ball 1-0: SINGLE (Groundball, 56) Michael Greene to third Runner from 3rd tries for Home, throw and OUT!
|
Top of the 2nd over - 5 run(s), 5 hit(s), 0 error(s), 1 left on base; Thunder Bay 5 - Detroit 0 |
BOTTOM OF THE 2ND |
Detroit Renaissance batting - Pitching for Thunder Bay Northern Lions BC : RHP Rafael Cardona
|
Batting: LHB Juan González
|
0-0: Ball 1-0: Ball 2-0: Ball 3-0: Base on Balls
|
Batting: LHB Gregory Johnson
|
0-0: Ball 1-0: Fielders Choice at 2nd, 1-6 (Groundball, 15S)
|
Batting: LHB Michael Neely
|
0-0: Ball Gregory Johnson is caught stealing 2nd base 1-0: Ball 2-0: Ground out 4-3 (Groundball, 34)
|
Bottom of the 2nd over - 0 run(s), 0 hit(s), 0 error(s), 0 left on base; Thunder Bay 5 - Detroit 0 |
TOP OF THE 3RD |
Thunder Bay Northern Lions BC batting - Pitching for Detroit Renaissance : RHP Cris Mendoza
|
Batting: LHB David Smith
|
0-0: Foul Ball, location: 2F 0-1: Swinging Strike 0-2: Ball 1-2: DOUBLE (Line Drive, 89D)
|
Batting: SHB Carlos Rodríguez
|
0-0: Swinging Strike 0-1: Ball 1-1: Swinging Strike 1-2: Ball 2-2: Ball 3-2: Base on Balls
|
Batting: LHB John Brewer
|
0-0: Foul Ball, location: 2F 0-1: Ball 1-1: Grounds into double play, 4-6-3 (Groundball, 34) David Smith to third
|
Batting: RHB Keith Fish
|
0-0: Ball 1-0: Ball 2-0: Called Strike 2-1: Ball 3-1: Base on Balls
|
Batting: SHB Arnold Griffith
|
0-0: Called Strike 0-1: Foul Ball, location: 2F 0-2: Ball 1-2: Foul Ball, location: 2F 1-2: Ball 2-2: Ball 3-2: Foul Ball, location: 2F 3-2: SINGLE (Line Drive, 34) David Smith scores Keith Fish to second Keith Fish to third
|
Batting: RHB Carlos Padilla
|
0-0: Called Strike 0-1: Swinging Strike 0-2: Fly out, F9 (Flyball, 89S)
|
Top of the 3rd over - 1 run(s), 2 hit(s), 0 error(s), 2 left on base; Thunder Bay 6 - Detroit 0 |
BOTTOM OF THE 3RD |
Detroit Renaissance batting - Pitching for Thunder Bay Northern Lions BC : RHP Rafael Cardona
|
Batting: LHB Tim Waters
|
0-0: Foul Ball, location: 2F 0-1: Fly out, F2 (Popup, 2LF)
|
Batting: LHB Gustavo Cortéz
|
0-0: Ball 1-0: Called Strike 1-1: Fly out, F7 (Flyball, 78M)
|
Batting: LHB Greg Robinson
|
0-0: Called Strike 0-1: Ball 1-1: Ball 2-1: Ground out 1-3 (Groundball, 13S)
|
Bottom of the 3rd over - 0 run(s), 0 hit(s), 0 error(s), 0 left on base; Thunder Bay 6 - Detroit 0 |
TOP OF THE 4TH |
Thunder Bay Northern Lions BC batting - Pitching for Detroit Renaissance : RHP Cris Mendoza
|
Pitching: LHP José Ortíz
|
|
Batting: LHB Chris Gregory
|
0-0: Ball 1-0: Swinging Strike 1-1: Swinging Strike 1-2: Strikes out swinging
|
Batting: LHB Michael Greene
|
0-0: Foul Ball, location: 2F 0-1: Foul Ball, location: 2F 0-2: Foul Ball, location: 2F 0-2: Foul Ball, location: 2F 0-2: Fly out, F7 (Flyball, 7S)
|
Batting: RHB Ed Whitaker
|
0-0: Called Strike 0-1: Ball 1-1: Ball 2-1: Foul Ball, location: 2F 2-2: Foul Ball, location: 2F 2-2: Fly out, F8 (Flyball, 8LD)
|
Top of the 4th over - 0 run(s), 0 hit(s), 0 error(s), 0 left on base; Thunder Bay 6 - Detroit 0 |
BOTTOM OF THE 4TH |
Detroit Renaissance batting - Pitching for Thunder Bay Northern Lions BC : RHP Rafael Cardona
|
Batting: RHB Kyle Bywaters
|
0-0: SINGLE (Line Drive, 7S)
|
Batting: RHB Bernardo Herrera
|
0-0: Called Strike 0-1: Reached on error, E6 (Groundball, 6) Kyle Bywaters to second
|
Batting: LHB Mike Silver
|
0-0: Swinging Strike 0-1: Foul Ball, location: 2F 0-2: Foul Ball, location: 2F 0-2: Ball 1-2: Strikes out swinging
|
Batting: LHB Juan González
|
0-0: Ball 1-0: Called Strike 1-1: Called Strike Kyle Bywaters steals 3rd base Bernardo Herrera to second 1-2: Foul Ball, location: 2F 1-2: Ball 2-2: Strikes out swinging
|
Batting: LHB Gregory Johnson
|
0-0: Fly out, F2 (Popup, 23F)
|
Bottom of the 4th over - 0 run(s), 1 hit(s), 1 error(s), 2 left on base; Thunder Bay 6 - Detroit 0 |
TOP OF THE 5TH |
Thunder Bay Northern Lions BC batting - Pitching for Detroit Renaissance : LHP José Ortíz
|
Batting: LHB David Smith
|
0-0: Called Strike 0-1: Ball 1-1: Ball 2-1: Ball 3-1: Called Strike 3-2: Fly out, F9 (Line Drive, 89XD)
|
Batting: SHB Carlos Rodríguez
|
0-0: Ball 1-0: SINGLE (Line Drive, 7LS)
|
Batting: LHB John Brewer
|
0-0: Ball 1-0: Called Strike 1-1: Called Strike 1-2: Grounds into double play, 4-6-3 (Groundball, 4)
|
Top of the 5th over - 0 run(s), 1 hit(s), 0 error(s), 0 left on base; Thunder Bay 6 - Detroit 0 |
BOTTOM OF THE 5TH |
Detroit Renaissance batting - Pitching for Thunder Bay Northern Lions BC : RHP Rafael Cardona
|
Batting: LHB Michael Neely
|
0-0: Called Strike 0-1: Ball 1-1: Ball 2-1: Fly out, F4 (Popup, 34)
|
Batting: LHB Tim Waters
|
0-0: Called Strike 0-1: Ground out 4-3 (Groundball, 4)
|
Batting: LHB Gustavo Cortéz
|
0-0: Called Strike 0-1: Foul Ball, location: 2F 0-2: Ball 1-2: Foul Ball, location: 2F 1-2: Ground out 5-3 (Groundball, 5)
|
Bottom of the 5th over - 0 run(s), 0 hit(s), 0 error(s), 0 left on base; Thunder Bay 6 - Detroit 0 |
TOP OF THE 6TH |
Thunder Bay Northern Lions BC batting - Pitching for Detroit Renaissance : LHP José Ortíz
|
Batting: RHB Keith Fish
|
0-0: Called Strike 0-1: Ball 1-1: Foul Ball, location: 2F 1-2: Ground out 5-3 (Groundball, 5S)
|
Batting: SHB Arnold Griffith
|
0-0: Ball 1-0: Ball 2-0: SINGLE (Flyball, 89M)
|
Batting: RHB Carlos Padilla
|
0-0: Ground out 6-3 (Groundball, 6) Arnold Griffith to second
|
Batting: LHB Chris Gregory
|
0-0: Ball 1-0: Called Strike 1-1: Ball 2-1: Ball 3-1: Base on Balls
|
Batting: LHB Michael Greene
|
0-0: Ball 1-0: Foul Ball, location: 2F 1-1: Foul Ball, location: 2F 1-2: Foul Ball, location: 2F 1-2: Ball 2-2: Foul Ball, location: 2F 2-2: Foul Ball, location: 2F 2-2: Ball 3-2: Base on Balls Arnold Griffith to third Chris Gregory to second
|
Batting: RHB Ed Whitaker
|
0-0: Called Strike 0-1: Ball 1-1: Ball 2-1: Foul Ball, location: 2F 2-2: Fly out, F3 (Popup, 4S)
|
Top of the 6th over - 0 run(s), 1 hit(s), 0 error(s), 3 left on base; Thunder Bay 6 - Detroit 0 |
BOTTOM OF THE 6TH |
Detroit Renaissance batting - Pitching for Thunder Bay Northern Lions BC : RHP Rafael Cardona
|
Batting: LHB Greg Robinson
|
0-0: Called Strike 0-1: SINGLE (Groundball, 56D)
|
Batting: RHB Kyle Bywaters
|
0-0: Called Strike 0-1: Called Strike 0-2: Ball Greg Robinson steals 2nd base 1-2: Ground out 5-3 (Groundball, 56S) Greg Robinson to third
|
Batting: RHB Bernardo Herrera
|
0-0: Foul Ball, location: 2F 0-1: Swinging Strike 0-2: Foul Ball, location: 2F 0-2: Ball 1-2: Foul Ball, location: 2F 1-2: Foul Ball, location: 2F 1-2: Strikes out swinging
|
Batting: LHB Mike Silver
|
0-0: Called Strike 0-1: Ball 1-1: Called Strike 1-2: Foul Ball, location: 2F 1-2: Foul Ball, location: 2F 1-2: Fly out, F4 (Line Drive, 4)
|
Bottom of the 6th over - 0 run(s), 1 hit(s), 0 error(s), 1 left on base; Thunder Bay 6 - Detroit 0 |
TOP OF THE 7TH |
Thunder Bay Northern Lions BC batting - Pitching for Detroit Renaissance : LHP José Ortíz
|
Pitching: RHP Connor Phelps
|
|
Batting: LHB David Smith
|
0-0: Ball 1-0: Foul Ball, location: 2F 1-1: Swinging Strike 1-2: SINGLE (Line Drive, 7LS)
|
Batting: SHB Carlos Rodríguez
|
0-0: Called Strike 0-1: Ball 1-1: Swinging Strike 1-2: Ball 2-2: Ball 3-2: Fly out, F9 (Flyball, 9LM)
|
Batting: LHB John Brewer
|
0-0: Ball 1-0: Called Strike 1-1: Ball 2-1: Ball 3-1: Swinging Strike 3-2: Base on Balls David Smith to second
|
Batting: RHB Keith Fish
|
0-0: Ball 1-0: Ball 2-0: Called Strike 2-1: Fly out, F4 (Popup, 4D)
|
Batting: SHB Arnold Griffith
|
0-0: Fly out, F7 (Flyball, 7S)
|
Top of the 7th over - 0 run(s), 1 hit(s), 0 error(s), 2 left on base; Thunder Bay 6 - Detroit 0 |
BOTTOM OF THE 7TH |
Detroit Renaissance batting - Pitching for Thunder Bay Northern Lions BC : RHP Rafael Cardona
|
Batting: LHB Juan González
|
0-0: Ball 1-0: Called Strike 1-1: Ball 2-1: Called Strike 2-2: Strikes out swinging
|
Batting: LHB Gregory Johnson
|
0-0: Called Strike 0-1: Called Strike 0-2: Ball 1-2: Ball 2-2: Strikes out swinging
|
Batting: LHB Michael Neely
|
0-0: Called Strike 0-1: Ball 1-1: Ball 2-1: Ball 3-1: Base on Balls
|
Batting: LHB Tim Waters
|
0-0: SINGLE (Groundball, 56D) Michael Neely to second
|
Batting: LHB Gustavo Cortéz
|
0-0: Ground out 5-3 (Groundball, 5S)
|
Bottom of the 7th over - 0 run(s), 1 hit(s), 0 error(s), 2 left on base; Thunder Bay 6 - Detroit 0 |
TOP OF THE 8TH |
Thunder Bay Northern Lions BC batting - Pitching for Detroit Renaissance : RHP Connor Phelps
|
Batting: RHB Carlos Padilla
|
0-0: Swinging Strike 0-1: Swinging Strike 0-2: Ground out 4-3 (Groundball, 34)
|
Batting: LHB Chris Gregory
|
0-0: Ball 1-0: Ground out 4-3 (Groundball, 4)
|
Batting: LHB Michael Greene
|
0-0: Called Strike 0-1: SINGLE (Line Drive, 4MD)
|
Batting: RHB Ed Whitaker
|
0-0: Ball 1-0: Foul Ball, location: 2F 1-1: Ground out 5-3 (Groundball, 56S)
|
Top of the 8th over - 0 run(s), 1 hit(s), 0 error(s), 1 left on base; Thunder Bay 6 - Detroit 0 |
BOTTOM OF THE 8TH |
Detroit Renaissance batting - Pitching for Thunder Bay Northern Lions BC : RHP Rafael Cardona
|
Batting: LHB Greg Robinson
|
0-0: Ball 1-0: Ball 2-0: Foul Ball, location: 2F 2-1: Foul Ball, location: 2F 2-2: Ground out 5-3 (Groundball, 15S)
|
Batting: RHB Kyle Bywaters
|
0-0: Foul Ball, location: 2F 0-1: Called Strike 0-2: Ball 1-2: SINGLE (Groundball, 56D)
|
Pitching: LHP Jake O'Tomalty
|
|
Batting: RHB Bernardo Herrera
|
0-0: Foul Ball, location: 2F 0-1: Ball 1-1: SINGLE (Groundball, 5S) Kyle Bywaters to second
|
Batting: LHB Mike Silver
|
0-0: Swinging Strike 0-1: Foul Ball, location: 2F 0-2: Strikes out swinging
|
Batting: LHB Juan González
|
0-0: Foul Ball, location: 2F 0-1: Foul Ball, location: 2F 0-2: Ball 1-2: Fly out, F9 (Flyball, 89M)
|
Bottom of the 8th over - 0 run(s), 2 hit(s), 0 error(s), 2 left on base; Thunder Bay 6 - Detroit 0 |
TOP OF THE 9TH |
Thunder Bay Northern Lions BC batting - Pitching for Detroit Renaissance : RHP Connor Phelps
|
Batting: LHB David Smith
|
0-0: Called Strike 0-1: Called Strike 0-2: Ball 1-2: Ball 2-2: Fly out, F3 (Popup, 3F)
|
Batting: SHB Carlos Rodríguez
|
0-0: Ground out 1-3 (Groundball, 15)
|
Batting: LHB John Brewer
|
0-0: Ball 1-0: Swinging Strike 1-1: Ball 2-1: Called Strike 2-2: Ground out 4-3 (Groundball, 4M)
|
Top of the 9th over - 0 run(s), 0 hit(s), 0 error(s), 0 left on base; Thunder Bay 6 - Detroit 0 |
BOTTOM OF THE 9TH |
Detroit Renaissance batting - Pitching for Thunder Bay Northern Lions BC : LHP Jake O'Tomalty
|
Batting: LHB Gregory Johnson
|
0-0: Ball 1-0: Foul Ball, location: 2F 1-1: Foul Ball, location: 2F 1-2: Ground out 1-3 (Groundball, 23)
|
Batting: LHB Michael Neely
|
0-0: Called Strike 0-1: Called Strike 0-2: Ball 1-2: Strikes out swinging
|
Batting: LHB Tim Waters
|
0-0: Foul Ball, location: 2F 0-1: Ball 1-1: Foul Ball, location: 2F 1-2: Ball 2-2: Ground out 6-3 (Groundball, 6M)
|
Bottom of the 9th over - 0 run(s), 0 hit(s), 0 error(s), 0 left on base; Thunder Bay 6 - Detroit 0 |
|